 Dungeon Crawl Stone Soup version 0.19.1-1-g22dce08 (webtiles) character file.

674 godfroggy the Carver (level 7, 0/58 HPs)
             Began as a Minotaur Fighter on Jan 6, 2017.
             Was a Follower of Qazlal.
             Slain by ZelenKor's ghost (11 damage)
             ... on level 4 of the Dungeon.
             The game lasted 00:14:08 (4168 turns).

godfroggy the Carver (Minotaur Fighter)             Turns: 4168, Time: 00:14:09

Health: 0/58       AC: 10    Str: 20      XL:     7   Next: 33%
Magic:  9/9        EV:  8    Int:  0 (2)  God:    Qazlal [*.....]
Gold:   195        SH: 10    Dex:  9 (12) Spells: 0 memorised, 6 levels left

rFire  . . .     SeeInvis .     u - +2 falchion (holy)
rCold  + . .     Gourm    .     b - +0 scale mail
rNeg   . . .     Faith    .     c - +0 shield
rPois  .         Spirit   .     (helmet restricted)
rElec  .         Reflect  .     p - +0 cloak
rCorr  .         Harm     .     n - +0 pair of gloves
MR     .....                    r - +0 pair of boots
Stlth  ..........               (no amulet)
                                i - ring of protection from cold
                                j - -3 ring of intelligence (curse)

@: slowed, lost intelligence, very slow
A: retaliatory headbutt, horns 2
a: Renounce Religion


You were on level 4 of the Dungeon.
You worshipped Qazlal.
Qazlal was aware of your devotion.
You were not hungry.

You visited 1 branch of the dungeon, and saw 4 of its levels.

You collected 195 gold pieces.

Inventory:

Hand Weapons
 a - a +0 long sword
 u - a +2 falchion of holy wrath (weapon)
Armour
 b - a +0 scale mail (worn)
 c - a +0 shield (worn)
 n - a +0 pair of gloves (worn)
 p - a +0 cloak (worn)
 r - a +0 pair of boots (worn)
Jewellery
 i - a ring of protection from cold (right hand)
 j - a cursed -3 ring of intelligence (left hand)
 t - an uncursed ring of stealth
Scrolls
 e - 2 scrolls of recharging
 g - 8 scrolls of identify
 v - a scroll of teleportation
Potions
 d - a potion of might
 h - a potion of curing
 k - a potion of flight {unknown}
 l - a potion of brilliance {unknown}
 o - a potion of resistance {unknown}
 q - 2 potions of degeneration
 z - a potion of agility {unknown}
Comestibles
 f - 3 bread rations
 m - a beef jerky
 s - 2 meat rations
 x - a royal jelly


   Skills:
 + Level 3.7 Fighting
 - Level 8.1 Long Blades
 + Level 3.8 Armour
 * Level 1.2 Dodging
 + Level 3.8 Shields
 + Level 4.0 Invocations


You had 6 spell levels left.
You didn't know any spells.

Dungeon Overview and Level Annotations

Branches:
Dungeon (4/15)
 Temple: D:4-7

Altars:
Gozag
Hepliaklqana
Qazlal
Trog

Annotations:
D:4 ZelenKor's ghost, amateur DsFi


Innate Abilities, Weirdness & Mutations

You reflexively headbutt those who attack you in melee.
You have a pair of horns on your head.


Message History

Okay, then.
Press: ? - help, v - describe, . - travel, g - get item
Here: ZelenKor's ghost (lightly damaged)
A worm corpse.
The floor.
ZelenKor's ghost hits you!
* * * LOW HITPOINT WARNING * * *
ZelenKor's ghost hits you but does no damage.
ZelenKor's ghost barely misses you.
You see here a giant club.
ZelenKor's ghost barely misses you.
ZelenKor's ghost hits you but does no damage.
ZelenKor's ghost makes a sound of rattling chains.
ZelenKor's ghost completely misses you.
You riposte.
You hit ZelenKor's ghost.
ZelenKor's ghost convulses.
ZelenKor's ghost is lightly damaged.
ZelenKor's ghost hits you.
* * * LOW HITPOINT WARNING * * *
ZelenKor's ghost hits you!
You die...

.#............#......#
##...)......###.####.#
###. .## #..........#
#.# #.###... ...
############ #.#
###..... ... #.#
.....8# #8.. #.##
#......#.... #..#
#....8.... ##.##
#####.....# #@.#
#...#.....# ##W##
#.#)##...##
#.O###O#O.#...#
##..#..##.##.##
##...###..#O# #####
##.#'# #...# #####


You could see an ogre and ZelenKor's ghost.

Vanquished Creatures
  An ogre (D:4)
  A phantom (D:4)
  A centaur (D:4)
  A scorpion (D:4)
  A howler monkey (D:4)
  2 hounds (D:4)
  4 orc wizards (D:4)
  4 gnolls (D:3)
  5 adders
  An ooze (D:2)
  3 worms
  3 dart slugs
  5 orcs
  3 giant cockroaches
  3 goblins
  9 hobgoblins
  9 jackals
  2 quokkas
  A ball python (D:2)
  11 bats
  5 frilled lizards
  7 kobolds
  4 rats
86 creatures vanquished.

Notes
Turn   | Place    | Note
-------+----------+-------------------------------------------
     0 | D:1      | godfroggy the Minotaur Fighter began the quest for the Orb.
     0 | D:1      | Reached XP level 1. HP: 19/19 MP: 0/0
   244 | D:1      | Reached skill level 3 in Long Blades
   424 | D:1      | Reached XP level 2. HP: 26/26 MP: 1/1
   778 | D:2      | Reached skill level 4 in Long Blades
  1158 | D:2      | Reached XP level 3. HP: 31/31 MP: 2/2
  1218 | D:2      | Found a bloodstained altar of Trog.
  1741 | D:2      | Reached skill level 5 in Long Blades
  2094 | D:3      | Reached XP level 4. HP: 25/39 MP: 3/3
  2523 | D:3      | Noticed a water elemental
  2525 | D:3      | Found a stormy altar of Qazlal.
  2622 | D:3      | Noticed an air elemental
  2622 | D:3      | Noticed an earth elemental
  2622 | D:3      | Noticed a fire elemental
  2627 | D:3      | Became a worshipper of Qazlal Stormbringer
  2649 | D:3      | Reached skill level 6 in Long Blades
  2879 | D:3      | Reached XP level 5. HP: 43/45 MP: 4/4
  2893 | D:3      | Reached skill level 1 in Invocations
  3067 | D:4      | Reached skill level 7 in Long Blades
  3067 | D:4      | Reached XP level 6. HP: 25/51 MP: 6/6
  3170 | D:4      | Found a hazy altar of Hepliaklqana.
  3253 | D:4      | Found an opulent altar of Gozag.
  3349 | D:4      | Lost intelligence.
  4042 | D:4      | Reached skill level 8 in Long Blades
  4042 | D:4      | Reached XP level 7. HP: 56/57 MP: 8/8
  4112 | D:4      | Reached skill level 1 in Dodging
  4132 | D:4      | Reached * piety under Qazlal
  4138 | D:4      | Noticed ZelenKor's ghost (amateur DsFi)
  4168 | D:4      | Slain by ZelenKor's ghost

Skill      XL: |  1  2  3  4  5  6  7 |
---------------+----------------------+-----
Long Blades    | 3 4 5 6 7 8 |  8.1
Invocations    | 2 3 4 |  4.0
Dodging        | 1 |  1.2
Fighting       | |  3.7
Armour         | |  3.8
Shields        | |  3.8

Action                   |  1- 3 |  4- 6 |  7- 9 || total
-------------------------+-------+-------+-------++-------
Melee: Long sword        |    74 |   123 |       ||   197
       Headbutt          |    12 |    21 |     2 ||    35
       Falchion          |       |    17 |    28 ||    45
  Use: Scroll            |     7 |     3 |       ||    10
       Potion            |       |     2 |       ||     2
  Eat: Chunk             |     4 |     4 |       ||     8
       Meat ration       |       |     1 |       ||     1
Armor: Scale mail        |    32 |    76 |    15 ||   123
Dodge: Dodged            |    20 |    50 |     7 ||    77
Block: Shield            |    31 |    82 |    18 ||   131
       Rpst.: Long sword |     4 |    11 |       ||    15
       Falchion          |       |     1 |     3 ||     4
